 Dungeon Crawl Stone Soup version 0.29.1 (webtiles) character file.

Game seed: 1171572667826950443

324 mtoz the Covered (level 6, 0/56 HPs)
             Began as a Minotaur Fighter on Sept 14, 2022.
             Slain by a gnoll bouda
             ... wielding a +0 club
              (3 damage)
             ... on level 4 of the Dungeon.
             The game lasted 00:08:21 (2861 turns).

mtoz the Covered (Minotaur Fighter)                 Turns: 2861, Time: 00:08:21

Health: 0/56       AC: 15    Str: 23    XL:     6   Next: 23%
Magic:  5/5        EV:  7    Int:  5    God:
Gold:   222        SH:  5    Dex: 15    Spells: 5/5 levels left

rFire   . . .      SeeInvis .   a - +0 war axe
rCold   . . .      Faith    .   c - +0 buckler
rNeg    . . .      Spirit   .   b - +3 chain mail {Will+}
rPois   .          Reflect  .   (helmet restricted)
rElec   .          Harm     .   (no cloak)
rCorr   .          Rampage  .   f - +0 pair of gloves
Will    +....                   m - +0 pair of boots
Stlth   ..........              (no amulet)
HPRegen 0.18/turn               k - +6 ring of dexterity
MPRegen 0.09/turn               (no ring)

@: no status effects
A: horns 2, retaliatory headbutt
a: no special abilities


You were on level 4 of the Dungeon.
You visited 1 branch of the dungeon, and saw 4 of its levels.

You collected 222 gold pieces.

Inventory:

Hand Weapons
 a - a +0 war axe (weapon)
 u - a +0 flail
 v - a +0 trident
Missiles
 o - a throwing net (quivered)
Armour
 b - a +3 chain mail of willpower (worn)
 c - a +0 buckler (worn)
 f - a +0 pair of gloves (worn)
 i - a +0 plate armour
 m - a +0 pair of boots (worn)
Jewellery
 k - a +6 ring of dexterity (left hand)
Scrolls
 g - a scroll of magic mapping {unknown}
 l - a scroll of fear {unknown}
 q - a scroll of immolation {unknown}
 r - a scroll of amnesia {unknown}
 s - a scroll of fog {unknown}
 t - a scroll of enchant armour {unknown}
Potions
 d - a potion of might
 e - 2 potions of lignification
 h - a potion of haste
 j - a potion of flight
 p - 2 potions of heal wounds {unknown}
 w - a potion of degeneration {unknown}


   Skills:
 + Level 5.2 Fighting
 + Level 4.4 Axes
 + Level 5.3 Armour
 + Level 5.2 Shields


You had 5 spell levels left.
You didn't know any spells.
Your spell library contained the following spells:

 Spells                   Type           Power      Damage    Failure   Level
 Foxfire                  Conj/Fire      0%         2x1d4     99%         1
 Conjure Flame            Conj/Fire      0%         6-21      100%        3
 Inner Flame              Hex/Fire       0%         N/A       100%        3
 Flame Wave               Conj/Fire      0%         2d4       100%        4


Dungeon Overview and Level Annotations

Branches:
Dungeon (4/15)
 Temple: D:4-7

Altars:


Innate Abilities, Weirdness & Mutations

You have a pair of horns on your head.
You reflexively headbutt those who attack you in melee.


Message History

The gnoll bouda hits you but does no damage.
You block the gnoll's attack. The gnoll closely misses you.
You hit the gnoll but do no damage. You headbutt the gnoll.
The gnoll is almost dead.
You hit the gnoll bouda but do no damage.
The gnoll bouda hits you but does no damage.
The gnoll hits you but does no damage. You block the gnoll's attack.
The gnoll bouda hits you with a +0 club.
You slash the gnoll!
You kill the gnoll!
You barely miss the gnoll bouda. The gnoll closely misses you.
The gnoll bouda hits you but does no damage.
You hit the gnoll bouda.
The gnoll bouda is severely wounded.
The gnoll is no longer moving quickly.
The gnoll closely misses you.
The gnoll bouda hits you but does no damage.
You block the gnoll's attack.
You hit the gnoll bouda.
The gnoll bouda is almost dead.
The gnoll bouda hits you with a +0 club.
The gnoll hits you from afar with a +0 halberd!
* * * LOW HITPOINT WARNING * * *
The gnoll bouda utters an invocation to its god.
The gnoll bouda is healed somewhat.
You barely miss the gnoll bouda.
You headbutt the gnoll bouda, but do no damage.
The gnoll bouda is severely wounded.
The gnoll closely misses you.
The gnoll bouda barks out a call to the hunt!
The gnoll picks up the pace!
You closely miss the gnoll bouda.
The gnoll bouda is severely wounded.
The gnoll hits you from afar with a +0 halberd!
* * * LOW HITPOINT WARNING * * *
The gnoll bouda hits you but does no damage.
You block the gnoll's attack.
You barely miss the gnoll bouda.
The gnoll bouda is severely wounded.
The gnoll bouda hits you with a +0 club.
You die...

..............#
.....g........#
...!..........#
#####..)##..... #.gK# ###
#...# #...# # #
######...########.##..
##.#.........##@g.....#
##.#..#.#.#.#.##)##.##.# #
#.###.#.#.#....g.......##.
.##...........)...#......
#.#.#.#.##..<.....###..####
##....#.##[).......##......
..#.#.......[.#........#
#.#.###.##.#..#........##
#.#.# #.#..#............#


You could see a gnoll bouda and a gnoll (swift).

Vanquished Creatures
  An orc priest (D:3)
  Jessica (D:2)
  Natasha (D:2)
  2 orc wizards
  Robin (D:1)
  4 gnolls (D:4)
  3 adders
  2 dart slugs
  8 orcs
  7 bats
  14 endoplasms
  2 giant cockroaches
  15 goblins
  14 hobgoblins
  2 jackals (D:1)
  5 kobolds
  2 quokkas (D:1)
  8 ball pythons
  2 frilled lizards (D:1)
  8 rats
102 creatures vanquished.

Notes
Turn   | Place    | Note
-------+----------+-------------------------------------------
     0 | D:1      | mtoz the Minotaur Fighter began the quest for the Orb.
     0 | D:1      | Reached XP level 1. HP: 19/19 MP: 0/0
   250 | D:1      | Reached XP level 2. HP: 27/27 MP: 1/1
   328 | D:1      | Found a faded altar of an unknown god.
   589 | D:1      | Reached XP level 3. HP: 33/33 MP: 2/2
   717 | D:2      | Noticed Robin
   852 | D:1      | Killed Robin
   897 | D:2      | Reached XP level 4. HP: 37/41 MP: 3/3
  1316 | D:2      | Noticed Jessica
  1322 | D:2      | Killed Jessica
  1573 | D:2      | Noticed Natasha
  1579 | D:2      | Killed Natasha
  1580 | D:2      | Reached XP level 5. HP: 47/47 MP: 4/4
  1956 | D:3      | Reached skill level 5 in Armour
  2168 | D:3      | Reached skill level 5 in Shields
  2262 | D:3      | Identified the +4 robe "Zadusuts" {Harm Drain rN+}
  2374 | D:3      | Reached skill level 5 in Fighting
  2558 | D:3      | Reached XP level 6. HP: 20/56 MP: 5/5
  2861 | D:4      | Slain by a gnoll bouda

Illustrated notes

Levels and vault maps discovered:
D:1:      minmay_arrival_four_loops, layout_basic, ebering_ecumenical_altar_rust
D:2:      layout_loops_cross, uniq_jessica, uniq_natasha, uniq_robin
D:3:      cheibrodos_pilgrimage, layout_rooms, minmay_misc_feat_cross,
          roderic_nine_men_s_morris, minmay_puff
D:4:      layout_loops_cross, minmay_misc_feat_columns, uniq_ijyb

Skill      XL: |  1  2  3  4  5 |
---------------+----------------+-----
Fighting       | 4 5 |  5.2
Armour         | 4 5 |  5.3
Shields        | 4 5 |  5.2
Axes           | 3 4 |  4.4

Action                   |  1- 3 |  4- 6 || total
-------------------------+-------+-------++-------
Melee: War axe           |    65 |   123 ||   188
       Headbutt          |     5 |    19 ||    24
  Use: Scroll            |       |     3 ||     3
Armor: Scale mail        |    54 |     4 ||    58
       Plate armour      |       |    53 ||    53
       Chain mail        |       |    25 ||    25
Dodge: Dodged            |    39 |    50 ||    89
Block: Buckler           |     8 |    34 ||    42
